AoeStats
← BoaznKini089

MegaRandom

509834074Analyzed
4v4 RM · 3d ago on Sep 28, 2026· 54m 34s· 8 players
Game mode
Random Map
Map size
Large (8 player)
Population
200
Speed
Normal
Resources
Standard
Victory
Conquest
Starting age
Dark Age
Ending age
Imperial Age
RankedLock teamsTeams togetherTeam positionsShared explorationLock speedFull tech treeHidden civsTurbo modeCheats
Victory
Defeat
🇫🇷 Khmer · France
942
+11
🇵🇹 Britons · Portugal
671
+22
🇹🇼 Maya · Taiwan
580
+26
🇳🇱 Poles · Netherlands
496
+28
🇨🇱 Bohemians · Chile
876
-24
🇫🇷 Gurjaras · France
796
-22
🇲🇽 Varangians · Mexico
795
-21
🇩🇪 Saxons · Germany
751
-20
TeGoat95
10:06 Feudal Age
10:46 Double-Bit Axe
12:54 Bloodlines
14:31 Horse Collar
20:36 Castle Age
21:00 Stone Mining
21:02 Gold Mining
21:45 Medium Warships
23:23 Forging
26:21 Fletching
26:32 Padded Archer Armor
33:37 Imperial Age
35:54 Heavy Plow
38:20 Crop Rotation
38:48 Onager
44:54 Iron Casting
44:25 Scale Barding Armor
43:54 Elite Jarl
Mapuche Mayer
NomadRider5217
0:33 Loom
11:25 Feudal Age
12:01 Double-Bit Axe
18:08 Wheelbarrow
18:17 Fishing Lines
19:10 Horse Collar
20:29 Gold Mining
27:23 Castle Age
28:00 Forging
28:17 Gillnets
28:40 Medium Warships
31:27 Iron Casting
31:21 Kshatriyas
34:09 Town Watch
34:40 Hand Cart
35:31 Gold Shaft Mining
34:58 Heavy Plow
35:12 Bow Saw
35:56 Scale Barding Armor
38:33 Chain Barding Armor
38:27 Bloodlines
38:18 Husbandry
38:26 Kshatriyas
38:18 Light Cavalry
43:32 Imperial Age
40:58 Demolition Ship
45:27 Fletching
46:29 Crop Rotation
46:37 Conscription
46:57 Hoardings
45:58 Onager
48:34 Frontier Guards
48:18 Hussar
BoaznKini089
10:16 Loom
12:04 Feudal Age
12:50 Horse Collar
12:58 Double-Bit Axe
13:05 Gold Mining
13:06 Stone Mining
14:07 Wheelbarrow
18:28 Fletching
21:04 Castle Age
20:53 Man-at-Arms
21:18 Arson
21:54 Forging
21:45 Scale Mail Armor
22:01 Bow Saw
21:59 Heavy Plow
23:39 Gold Shaft Mining
24:03 Fortified Wall
24:14 Ballistics
24:19 Bodkin Arrow
24:15 Gambesons
24:53 Murder Holes
25:41 Squires
26:54 Long Swordsman
28:55 Iron Casting
29:23 Chain Mail Armor
29:51 Siphons
32:59 Medium Warships
38:10 Imperial Age
35:57 Hand Cart
39:18 Elite Varangian Guard
41:04 Conscription
40:08 Shield Wall
40:11 Elite Hearth Troop
42:20 Plate Mail Armor
42:29 Siege Engineers
44:31 Heated Shot
44:32 Guard Tower
44:16 Onager
46:22 Two-Man Saw
46:21 Capped Ram
harrold sweigermeister
10:41 Feudal Age
12:09 Wheelbarrow
11:22 Double-Bit Axe
12:15 Horse Collar
20:43 Castle Age
22:14 Hand Cart
22:02 Heavy Plow
22:18 Bow Saw
35:55 Imperial Age
32:51 Pikeman
34:07 Man-at-Arms
36:29 Long Swordsman
38:58 Light Cavalry
39:49 Bloodlines
40:23 Arson
41:04 Demolition Ship
41:56 Medium Warships
44:30 Heavy Warships
45:21 Elite Obuch
46:37 Winged Hussar
48:32 Ballistics
49:26 Chemistry
9830099
0:36 Loom
8:15 Feudal Age
8:50 Double-Bit Axe
9:49 Town Watch
10:42 Wheelbarrow
9:53 Town Watch
13:26 Horse Collar
14:05 Gold Mining
19:28 Castle Age
18:58 Stone Mining
20:24 Bow Saw
22:37 Caravan
24:34 Hand Cart
27:10 Pikeman
27:51 Squires
29:53 Heavy Plow
35:26 Imperial Age
34:04 Treadmill Crane
34:45 Ballistics
34:22 Murder Holes
34:21 Fletching
34:32 Padded Archer Armor
35:28 Bodkin Arrow
37:01 Crop Rotation
37:56 Guilds
38:46 Elite Plumed Archer
38:55 Elite Plumed Archer
39:09 Eagle Warrior
39:35 Arson
39:30 Elite Skirmisher
40:26 Town Patrol
40:52 Hul'che Javelineers
42:35 Chemistry
43:20 Bracer
43:35 Leather Archer Armor
46:02 Forging
45:53 Scale Mail Armor
46:14 Leather Archer Armor
49:39 Ring Archer Armor
49:45 Iron Casting
50:58 Holcans
51:31 Elite Eagle Warrior
pedrollobo
0:48 Loom
10:49 Feudal Age
11:57 Double-Bit Axe
14:26 Wheelbarrow
13:37 Town Watch
14:15 Fishing Lines
14:35 Gold Mining
20:36 Castle Age
19:10 Stone Mining
23:22 Hand Cart
23:35 Pikeman
24:17 Squires
24:03 Gambesons
25:16 Gillnets
28:35 Medium Warships
31:00 Fletching
31:10 Padded Archer Armor
34:42 Yeomen
37:37 Imperial Age
35:33 Horse Collar
36:41 Gold Shaft Mining
36:21 Bow Saw
38:01 Elite Longbowman
40:25 Two-Man Saw
39:31 Heavy Plow
40:53 Chemistry
40:57 Heavy Warships
45:38 Warwolf
APC
0:53 Loom
10:08 Feudal Age
10:43 Double-Bit Axe
11:38 Wheelbarrow
11:34 Town Watch
11:34 Fishing Lines
13:29 Gold Mining
13:30 Stone Mining
15:36 Horse Collar
22:20 Castle Age
25:50 Town Patrol
26:04 Bow Saw
26:05 Gillnets
27:54 Medium Warships
34:45 Hand Cart
36:15 Stone Shaft Mining
36:15 Gold Shaft Mining
35:46 Heavy Plow
42:29 Imperial Age
43:21 Heavy Scorpion
44:35 Cavalier
45:15 Husbandry
45:26 Bloodlines
Connection lost

Rejoining the realm…

Still unreachable

The connection could not be restored.

Session expired

The server has moved on; the page needs a fresh start.